 Dungeon Crawl Stone Soup version 0.28-a0-773-g130ae17fe5 (webtiles) character file.

Game seed: 9892271679106689880

9067 ytrimaz the Nimble (level 11, -3/75 HPs)
             Began as a Demonspawn Gladiator on Nov 1, 2021.
             Was a Priest of Dithmenos.
             Killed by vampiric draining
             ... invoked by a vampire
              (15 damage)
             ... on level 10 of the Dungeon.
             The game lasted 00:19:23 (13063 turns).

ytrimaz the Nimble (Demonspawn Gladiator)          Turns: 13063, Time: 00:19:24

Health: -3/75      AC:  8    Str: 15    XL:     11   Next: 18%
Magic:  19/19      EV: 22    Int: 12    God:    Dithmenos [***...]
Gold:   241        SH:  4    Dex: 29    Spells: 15/21 levels left

rFire   . . .      SeeInvis .   y - +2 dagger (venom)
rCold   + . .      Faith    .   (no shield)
rNeg    . . .      Spirit   .   z - +0 steam dragon scales
rPois   .          Reflect  .   c - +0 helmet
rElec   .          Harm     .   (no cloak)
rCorr   .          Rampage  .   e - +1 pair of gloves
Will    .....                   (no boots)
Stlth   ++++......              (no amulet)
HPRegen 0.22/turn               i - +6 ring of dexterity
MPRegen 0.16/turn               k - +6 ring of dexterity

@: mighty, wreathed by umbra
A: big brain 1, condensation shield, demonic touch 2, hooves 1, cold resistance
1
a: Renounce Religion, Shadow Step


You were on level 10 of the Dungeon.
You worshipped Dithmenos.
Dithmenos was most pleased with you.
You visited 2 branches of the dungeon, and saw 11 of its levels.

You collected 396 gold pieces.
You spent 155 gold pieces at shops.

Inventory:

Hand Weapons
 n - a +1 dagger of speed
 y - a +2 dagger of venom (weapon)
Missiles
 d - 9 throwing nets (quivered)
Armour
 b - +0 ice dragon scales
 c - a +0 helmet (worn)
 e - a +1 pair of gloves (worn)
 g - a +3 plate armour
 j - a +1 robe of cold resistance
 t - the +1 robe of Perfidy {Dex+4}
   (You found it on level 6 of the Dungeon)

   Dex:       It affects your dexterity (+4).
 z - +0 steam dragon scales (worn)
Jewellery
 i - a +6 ring of dexterity (left hand)
 k - a +6 ring of dexterity (right hand)
 w - a ring of flight
Wands
 s - a wand of paralysis (10)
Scrolls
 f - 2 scrolls of amnesia
 h - 4 scrolls of teleportation
 q - 2 scrolls of enchant weapon
 x - a scroll of blinking
Potions
 a - 7 potions of ambrosia
 l - 2 potions of curing
 m - a potion of attraction
 o - a potion of heal wounds
 p - a potion of might
 r - a potion of haste {unknown}
 u - 2 potions of mutation
 v - 2 potions of magic {unknown}


   Skills:
 - Level 3.6 Fighting
 + Level 6.7 Short Blades
 - Level 2.9 Axes
 - Level 1.7 Throwing
 - Level 2.5 Armour
 - Level 10.0 Dodging
 + Level 3.4 Stealth
 - Level 1.6 Shields
 * Level 5.5 Spellcasting
 * Level 6.2 Necromancy
 * Level 5.6 Poison Magic


You had 15 spell levels left.
You knew the following spells:

 Your Spells              Type           Power      Damage    Failure   Level
a - Ignite Poison         Fire/Tmut/Pois 7%         N/A       26%         3
b - Stone Arrow           Conj/Erth      6%         3d7       50%         3

Your spell library contained the following spells:

 Spells                   Type           Power      Damage    Failure   Level
 Sandblast                Erth           6%         2d5       19%         1
 Mephitic Cloud           Conj/Pois/Air  7%         N/A       26%         3
 Passwall                 Tmut/Erth      2%         N/A       28%         2
 Freezing Cloud           Conj/Ice/Air   1%         6-21      99%         5


Dungeon Overview and Level Annotations

Branches:
Dungeon (10/15)            Temple (1/1) D:4
   Lair: D:8-11         Orc: D:9-12

Altars:
Ashenzari
Cheibriados
Dithmenos
Elyvilon
Fedhas
Gozag
Hepliaklqana
Kikubaaqudgha
Makhleb
Nemelex Xobeh
Okawaru
Qazlal
Ru
Sif Muna
Trog
Uskayaw
Vehumet
Xom
Yredelemnul
Zin
The Shining One

Shops:
D:3 =   D:4 (   D:7 (!?


Innate Abilities, Weirdness & Mutations

You have an unusually large brain. (Int +2)
A meltable shield of frost defends you. (SH +4)
Your touch may inflict irresistible damage on your foes.
You have large cloven feet.
Your flesh is cold resistant. (rC+)


Message History

You bump into the stone wall.
Something barely misses you. Something bites you.
Something draws strength from your injuries!
You nearly stumble into some deep water!
Something hits you. Something bites you.
Something draws strength from your injuries!
You nearly stumble into some deep water!
You feel less confused. Something misses you. Something closely misses you.
You hit something but do no damage. Your kick misses something.
Your touch misses something. You hit something but do no damage.
You kick something.
You touch something!
Something closely misses you. Something bites you!
Something draws strength from your injuries!
You hit something. You kick something. Your touch misses something.
Something hits you!
* * * LOW HITPOINT WARNING * * *
Something bites you but does no damage.
You hit something. You kick something.
You touch something.
A vampire appears from thin air!
Reactivating autopickup.
You feel very mighty all of a sudden. The vampire closely misses you.
The vampire barely misses you.
You closely miss the vampire.
The vampire is moderately damaged.
The vampire casts a spell.
The vampire flickers and vanishes!
Deactivating autopickup; reactivate with Ctrl-A.
You hit something but do no damage. You kick something.
You touch something.
Something hits you.
* * * LOW HITPOINT WARNING * * *
Something bites you.
* * * LOW HITPOINT WARNING * * *
Something draws strength from your injuries!
You hit something but do no damage. You kick something!
You touch something.
You feel better. Something closely misses you. Something bites you.
* * * LOW HITPOINT WARNING * * *
Something draws strength from your injuries!
You hit something but do no damage. You kick something.
Something draws life force from you!
You die...

#.≈≈≈.#.# #.....#
#.≈≈≈.#.# ##.###.#
#.≈≈≈.#.###..# #.# ≈
#.≈≈≈.#......# #†.
P...♣♣#♣)≈≈♣#......####.
#.......≈≈≈........##...
P...♣♣#♣≈≈≈♣#......#.8..
≈ #{≈≈≈.#......#....
#@≈≈≈.#.........._
#.≈≈≈.#..<...#....
#.≈≈≈.#......#.8..
#♣.≈.♣#......##...
♣♣.♣♣#......####. ##
#.####..##.. ### ##..#.#
###..# ##..


There were no monsters in sight!

Vanquished Creatures
  Harold (D:8)
  A necromancer (D:9)
  Maggie (D:7)
  A queen bee (D:9)
  A troll (D:10)
  Grinder (D:6)
  A hornet (D:7)
  2 wyverns
  6 yaks (D:8)
  5 humans (D:6)
  A shadow (D:9)
  Eustachio (D:6)
  Grum (D:8)
  A steam dragon (D:9)
  3 water moccasins (D:7)
  2 orc warriors
  A sky beast (D:6)
  Pargi (D:3)
  2 necrophages
  2 ogres
  3 centaurs
  3 wolves (D:8)
  A phantom (D:5)
  2 kobold brigands
  2 bullfrogs
  A scorpion (D:5)
  A wyvern skeleton (D:7)
  A water moccasin skeleton (D:6)
  23 killer bees (D:9)
  3 wights (D:7)
  2 howler monkeys (D:8)
  4 centaur zombies
  A bullfrog skeleton (D:6)
  2 hounds
  An orc priest (D:9)
  A centaur skeleton (D:7)
  3 iguanas
  9 orc wizards
  4 polar bear simulacra (D:9)
  2 yak simulacra (D:9)
  A wolf simulacrum (D:9)
  A hound skeleton (D:5)
  3 howler monkey zombies
  6 gnolls
  5 adders
  A shadow imp (D:6)
  A white imp (D:5)
  2 worms
  4 dart slugs
  19 orcs
  2 ball pythons
  10 endoplasms
  2 giant cockroaches (D:1)
  6 goblins
  6 hobgoblins
  6 jackals
  13 kobolds
  2 quokkas
  A bat (D:2)
  7 frilled lizards
  A rat (D:3)
  3 river rat simulacra (D:9)
206 creatures vanquished.

Vanquished Creatures (others)
  7 plants
7 creatures vanquished.

Grand Total: 213 creatures vanquished

Notes
Turn   | Place    | Note
-------+----------+-------------------------------------------
     0 | D:1      | ytrimaz the Demonspawn Gladiator began the quest for the
                  | Orb.
     0 | D:1      | Reached XP level 1. HP: 16/16 MP: 1/1
   164 | D:1      | Gained mutation: You have an unusually large brain. (Int
                  | +2) [demonic ancestry]
   164 | D:1      | Reached XP level 2. HP: 22/22 MP: 2/2
   276 | D:1      | Reached skill level 3 in Dodging
   515 | D:1      | Reached skill level 1 in Armour
   544 | D:1      | Reached XP level 3. HP: 17/27 MP: 3/3
  1529 | D:3      | Found a sacrificial altar of Ru.
  1840 | D:3      | Noticed Pargi
  1876 | D:2      | Reached skill level 1 in Spellcasting
  2219 | D:3      | Killed Pargi
  2220 | D:3      | Gained mutation: Your touch may inflict minor irresistible
                  | damage on your foes. [demonic ancestry]
  2220 | D:3      | Reached XP level 4. HP: 35/35 MP: 4/6
  2220 | D:3      | Reached XP level 5. HP: 41/41 MP: 4/7
  2303 | D:3      | Found a faded altar of an unknown god.
  2317 | D:3      | Found Munadog's Jewellery Shop.
  2787 | D:4      | Noticed an ogre
  2795 | D:4      | Killed an ogre
  2796 | D:4      | Found a snail-covered altar of Cheibriados.
  2806 | D:4      | Reached XP level 6. HP: 47/47 MP: 7/9
  2858 | D:4      | Found Edissit's Antique Weapon Shoppe.
  2884 | D:4      | Found a staircase to the Ecumenical Temple.
  2906 | Temple   | Entered the Ecumenical Temple
  3099 | Temple   | Became a worshipper of Dithmenos the Shadowed
  3186 | D:4      | Found a radiant altar of Vehumet.
  3196 | D:4      | Found an ancient bone altar of Kikubaaqudgha.
  3204 | D:4      | Reached skill level 4 in Dodging
  3438 | D:4      | Found a shimmering blue altar of Sif Muna.
  3565 | D:4      | Learned a level 3 spell: Ignite Poison
  3751 | D:4      | Found a stormy altar of Qazlal.
  3777 | D:4      | Reached skill level 1 in Necromancy
  3927 | D:5      | Entered Level 5 of the Dungeon
  3994 | D:5      | Reached skill level 1 in Short Blades
  3994 | D:5      | Gained mutation: Your touch may inflict irresistible damage
                  | on your foes. [demonic ancestry]
  3994 | D:5      | Reached XP level 7. HP: 49/52 MP: 10/10
  4103 | D:5      | Reached skill level 5 in Dodging
  4103 | D:5      | Reached skill level 1 in Poison Magic
  5374 | D:6      | Noticed Eustachio
  5385 | D:6      | Killed Eustachio
  5386 | D:6      | Reached skill level 6 in Dodging
  5386 | D:6      | Reached XP level 8. HP: 54/59 MP: 12/12
  5870 | D:6      | Reached skill level 7 in Dodging
  6128 | D:6      | Reached * piety under Dithmenos
  6172 | D:6      | Reached XP level 9. HP: 38/64 MP: 14/14
  6364 | D:6      | Identified the +1 robe of Perfidy {Dex+4}
  6522 | D:6      | Noticed Grinder
  6537 | D:6      | Paralysed by Grinder for 3 turns
  6543 | D:6      | Killed Grinder
  6544 | D:6      | Reached skill level 1 in Stealth
  7152 | D:6      | Identified the +5 trident of Peril {vorpal, Will- Str+7
                  | Int+4 SInv}
  7162 | D:7      | Found Luphefi's Antique Weapon Boutique.
  7180 | D:7      | Bought a glowing dagger for 155 gold pieces
  7537 | D:7      | Reached skill level 8 in Dodging
  7656 | D:7      | Noticed Maggie
  8077 | D:7      | Reached skill level 5 in Short Blades
  8182 | D:7      | Found Gyjit's Magic Scroll Boutique.
  8197 | D:7      | Found Vabomutt's Distillery.
  8309 | D:7      | Found a sparkling altar of Nemelex Xobeh.
  8372 | D:7      | Killed Maggie
  8560 | D:8      | Noticed Harold
  8571 | D:8      | Killed Harold
  8572 | D:8      | Gained mutation: A meltable shield of frost defends you.
                  | (SH +4) [demonic ancestry]
  8572 | D:8      | Reached XP level 10. HP: 70/70 MP: 15/17
  8809 | D:8      | Reached skill level 5 in Necromancy
  8833 | D:8      | Reached skill level 9 in Dodging
  8862 | D:8      | Reached ** piety under Dithmenos
  9351 | D:8      | Noticed Grum
  9398 | D:8      | Killed Grum
  9401 | D:8      | Reached skill level 5 in Spellcasting
  9799 | D:8      | Found a broken altar of Ashenzari.
 10556 | D:9      | Noticed a necromancer
 10889 | D:9      | Reached skill level 1 in Shields
 10962 | D:9      | Killed a necromancer
 10963 | D:9      | Reached skill level 5 in Poison Magic
 11045 | D:9      | Found a blossoming altar of Fedhas.
 11360 | D:9      | Gained mutation: You have large cloven feet. [potion of
                  | mutation]
 11360 | D:9      | Gained mutation: Your flesh is cold resistant. (rC+)
                  | [potion of mutation]
 11604 | D:9      | Reached XP level 11. HP: 25/75 MP: 18/18
 11671 | D:9      | Reached skill level 10 in Dodging
 12174 | D:9      | Reached *** piety under Dithmenos
 12815 | D:10     | Entered Level 10 of the Dungeon
 12952 | D:10     | Learned a level 3 spell: Stone Arrow
 12956 | D:10     | Found an opulent altar of Gozag.
 13063 | D:10     | Killed from afar by a vampire

Illustrated notes

Levels and vault maps discovered:
D:1:      mrwooster_arrival_statue, layout_rooms,
          amcnicky_mini_rare_corridor_liquid
D:2:      layout_rooms, dk_noncrumbling_4
D:3:      layout_rooms, mainiacjoe_overflow_brackets,
          mainiacjoe_overflow_24_doors, serial_forest,
          infiniplex_forest_fountain, infiniplex_forest_clump_cross,
          infiniplex_forest_end_3, infiniplex_forest_lined_ring,
          infiniplex_forest_clump_double, infiniplex_forest_end_1,
          ebering_ecumenical_altar_petrified, serial_shops, shop,
          uniq_crazy_yiuf_cottage, uniq_pargi
D:4:      layout_basic, palyth_temple_overflow_mages, slow_altar_1,
          nicolae_qazlal_general_emergency, minmay_temple_entry_gardened_gates,
          serial_shops, nicolae_shop_overgrown_old_shop
D:5:      layout_basic, nicolae_tso_swordbearing_angel, lexackson_kobold_supper
D:6:      layout_loops_cross, minmay_ruffians, uniq_grinder, uniq_eustachio
D:7:      layout_basic, kennysheep_mini, serial_shops, shop, shop,
          nicolae_diamond_shop, uniq_maggie
D:8:      layout_basic, nicolae_ashenzari_skybound, elyvilon_altar_1,
          uniq_harold, uniq_grum
D:9:      layout_roguey [special_room_bee], fedhas_altar_4,
          eino_house_with_fridge
D:10:     nzn_winding_woodlands_cross [nzn_winding_woodlands_5x15_lazy_stream,
          nzn_winding_woodlands_5x15_cabin,
          nzn_winding_woodlands_5x15_sidewinder,
          nzn_winding_woodlands_5x15_river_crossing,
          nzn_winding_woodlands_15x15_eel_pit], layout_cave_pods,
          grunt_gozag_statues
Temple:   nicolae_temple_figure_zero

Skill      XL: |  1  2  3  4  5  6  7  8  9 10 11 |
---------------+----------------------------------+-----
Dodging        | 3 4 6 7 8 9 10 | 10.0
Armour         | 1 2 |  2.5
Spellcasting   | 1 2 3 4 5 |  5.5
Fighting       | 3 |  3.6
Necromancy     | 1 2 3 4 5 6 |  6.2
Short Blades   | 1 2 3 5 6 |  6.7
Poison Magic   | 1 2 4 5 |  5.6
Stealth        | 2 3 |  3.4
Shields        | 1 |  1.6
Axes           | |  2.9
Throwing       | |  1.7

Action                   |  1- 3 |  4- 6 |  7- 9 | 10-12 || total
-------------------------+-------+-------+-------+-------++-------
Melee: War axe           |   122 |    15 |       |       ||   137
       Dagger            |       |    90 |   421 |   409 ||   920
       Touch             |       |    28 |   111 |   117 ||   256
       Kick              |       |       |       |   120 ||   120
Throw: Throwing net      |     1 |       |     1 |       ||     2
 Cast: Ignite Poison     |       |       |       |     2 ||     2
Evoke: Wand              |       |       |     3 |       ||     3
  Use: Potion            |     4 |       |       |     8 ||    12
       Scroll            |       |     4 |     4 |     3 ||    11
 Stab: Held in net/web   |     1 |       |     3 |       ||     4
       Sleeping          |       |     1 |     5 |     1 ||     7
       Paralysed         |       |       |     2 |       ||     2
       Distracted        |       |       |       |     1 ||     1
Armor: Leather armour    |    13 |       |       |       ||    13
       Robe              |    21 |    30 |    41 |    14 ||   106
       Steam dragon scal |       |       |       |    42 ||    42
Dodge: Dodged            |   100 |    76 |   277 |   394 ||   847
Block: Other             |       |       |       |    62 ||    62

Table legend: (Time is in decaauts)
 A = Elapsed time spent in this place.
 B = Non-inter-level travel time spent in this place.
 C = Inter-level travel time spent in this place.
 D = Time resting spent in this place.
 E = Time spent auto-exploring this place.
 F = Levels seen in this place.
 G = Mean time per level.
                   A        B        C        D        E       F      G
               +--------+--------+--------+--------+--------+-----+--------+
         Total |  12897 |  12512 |    385 |   4472 |   5650 |  11 | 1172.5 |
       Dungeon |  12693 |  12308 |    385 |   4472 |   5537 |  10 | 1269.3 |
        Temple |    204 |    204 |      0 |      0 |    113 |   1 |  204.0 |
               +--------+--------+--------+--------+--------+-----+--------+

Top non-repeatable levels by time:
     D:9: 2489 daAuts
     D:6: 1808 daAuts
     D:5: 1719 daAuts
     D:8: 1675 daAuts
     D:4: 1040 daAuts
     D:7: 1000 daAuts
     D:2: 936 daAuts
     D:3: 903 daAuts
     D:1: 889 daAuts
    D:10: 230 daAuts
  Temple: 204 daAuts
